 Dungeon Sprint DCSS version 0.31-a0-675-g238779eb0a (webtiles) character file.

Game seed: 2618144319294454408

11606 sircluck the Brawler (level 11, -12/177 HPs)
             Began as a Troll Berserker on Sept 5, 2023.
             Was the Champion of Trog.
             Mangled by a lorocyproca (37 damage)
             ... in the Dungeon (Sprint I: "Red Sonja").
             The game lasted 00:06:39 (1031 turns).

sircluck the Brawler (Troll Berserker)              Turns: 1031, Time: 00:06:40

Health: -12/177    AC:  5    Str: 31    XL:     11   Next: 51%
Magic:  1/10       EV: 14    Int: -1    God:    Trog [******]
Gold:   1048       SH:  0    Dex:  9    Spells: 10/10 levels left

rFire   . .          .
                       - Unarmed
rCold   + . .        (no shield)
rNeg    . . .        a - +0 animal skin
rPois   .            (helmet restricted)
rElec   .            o - +0 cloak
rCorr   .            (gloves unavailable)
SInv    .            (boots unavailable)
Will    .....        (no amulet) Stlth
                     m - ring of protection from cold
HPRegen 1.29/turn    (no ring)
MPRegen 0.12/turn

%: no teleportation
@: berserking, slowed, lost intelligence, studying Fighting, unable to read
A: large, unfitting armour, claws 3, regeneration 1, shaggy fur 1, tough skin 1,
dopey 2, frail 1, screaming 1, inability to drink after injury 1, devolution 1
a: Renounce Religion, Berserk, Trog's Hand, Brothers in Arms


You were in the Dungeon.
You worshipped Trog.
Trog was exalted by your worship.
You visited 1 branch You collected 1977 gold pieces.
You spent 929 gold pieces at shops.

Inventory:

Missiles
 g - 6 silver javelins
 j - 3 curare-tipped darts (quivered)
Armour
 a - a +0 animal skin (worn)
 o - a +0 cloak (worn)
Jewellery
 m - a ring of protection from cold (left claw)
Wands
 h - a wand of charming (9)
 i - a wand of polymorph (7)
 n - a wand of digging (7)
Scrolls
 k - a scroll of blinking
 l - a scroll of poison
Potions
 b - 4 potions of curing
 c - a potion of heal wounds
 d - a potion of haste
 e - 2 potions of magic
 f - a potion of berserk rage


   Skills:
 + Level 15.2 Fighting
 + Level 14.4 Dodging
 + Level 16.9 Unarmed Combat


You had 10 spell levels left.
You didn't know any spells.
Your spell library was empty.

Dungeon Overview and Level Annotations

Branches:
Dungeon (1/1)

Altars:
Cheibriados
Dithmenos
Elyvilon
Fedhas
Gozag
Hepliaklqana
Kikubaaqudgha
Makhleb
Nemelex Xobeh
Okawaru
Qazlal
Ru
Sif Muna
Trog
Uskayaw
Vehumet
Wu Jian
Xom
Yredelemnul
Zin
The Shining One
Jiyva
Lugonu

Shops:
D ((:?*(**::([**(((?![*


Innate Abilities, Weirdness & Mutations

You are too large for most types of armour.
You have claws for hands.
Your natural rate of healing is unusually fast.
You are covered in fur. (AC +1)
You have tough skin. (AC +1)
You are very dopey. (Int -4)
You are frail. (-10% HP)
You occasionally shout uncontrollably at your foes.
You occasionally lose the ability to drink potions when taking damage.
You have hidden genetic defects.


Message History

You bump into the stone wall.
You are engulfed in noxious fumes.
You choke on the stench!
You are more confused.
You feel less confused.
You open the door.
Found a scale mail.
There is an open door here.
You see here a +0 scale mail.
There is an open door here.
You are engulfed in noxious fumes.
You choke on the stench!
You are confused.
You are engulfed in noxious fumes.
You choke on the stench!
You are more confused.
You are engulfed in noxious fumes.
You choke on the stench!
You are more confused.
You feel less confused.
You open the door.
A meliai comes into view. It is wielding a +0 hand axe.
You hear a chilling moan.
The meliai invokes the aid of its god against you.
Something smites you!
Found 162 gold pieces.
There is an open door here.
Something hits you!!
You feel your power leaking away.
Deactivating autopickup; reactivate with Ctrl-A.
Something hits you.
You feel your power leaking away.
Unknown command.
You open the door. Something hits you!! x2
* * * LOW HITPOINT WARNING * * *
Found a potion of curing.
There is an open door here.
Something hits you!
* * * LOW HITPOINT WARNING * * *
You see here a potion of curing.
You miss something. You claw something. Something hits you but does no damage.
A red film seems to cover your vision as you go berserk!
You feel yourself moving faster!
You feel mighty! Something hits you!!!
You die...

##############
#__#..'...#[[#
'..'..#).)##'# ###
#__####)..†..# #@###
####)§#####..+ #'#$###
#§§§.§#..##'####..$#y#
+~§§§§§§§#.)...#..$###
#~~~§§#§.#..○°.'..$$$#
##'#####§###○°.#.....#
#....###.'.#.°°###++##
##'###.###.#○.##
.....'.∩##.#..#


There were no monsters in sight!

Vanquished Creatures
  2 centaur warriors (D)
  4 demonic crawlers (D)
  Sonja (D)
  A deep troll (D)
  An oklob plant (D)
  A gargoyle (D)
  2 unseen horrors (D)
  2 kobold demonologists (D)
  A hornet (D)
  Sigmund (D)
  A slime creature (D)
  A yak (D)
  2 redbacks (D)
  4 floating eyes (D)
  An ogre (D)
  7 necrophages (D)
  8 jellies (D)
  Ijyb (D)
41 creatures vanquished.

Vanquished Creatures (collateral kills)
  8 shining eyes (D)
  2 floating eyes (D)
10 creatures vanquished.

Vanquished Creatures (others)
  2 ballistomycete spores (D)
2 creatures vanquished.

Grand Total: 53 creatures vanquished

Notes
Turn   | Place    | Note
-------+----------+-------------------------------------------
     0 | D        | sircluck the Troll Berserker began the quest for the Orb.
     0 | D        | Reached XP level 1. HP: 22/22 MP: 0/0
     1 | D        | Noticed Ijyb
    50 | D        | Killed Ijyb
    51 | D        | Reached skill level 4 in Unarmed Combat
    51 | D        | Reached XP level 2. HP: 32/32 MP: 1/1
    78 | D        | Noticed an ogre
    83 | D        | Killed an ogre
    84 | D        | Reached skill level 5 in Fighting
    84 | D        | Reached skill level 5 in Dodging
    84 | D        | Reached skill level 6 in Unarmed Combat
    84 | D        | Reached XP level 3. HP: 11/42 MP: 2/2
    84 | D        | Reached XP level 4. HP: 13/50 MP: 3/3
   119 | D        | Noticed Sigmund
   123 | D        | Killed Sigmund
   123 | D        | Reached ** piety under Trog
   124 | D        | Reached skill level 7 in Unarmed Combat
   124 | D        | Reached XP level 5. HP: 60/61 MP: 4/4
   124 | D        | Reached XP level 6. HP: 67/68 MP: 5/5
   138 | D        | Found an ornate altar of the Wu Jian Council.
   138 | D        | Found a shimmering blue altar of Sif Muna.
   140 | D        | Found a radiant altar of Vehumet.
   145 | D        | Reached skill level 8 in Unarmed Combat
   171 | D        | Found Haczutae's Magic Scroll Emporium.
   171 | D        | Found an ancient bone altar of Kikubaaqudgha.
   171 | D        | Found a hazy altar of Hepliaklqana.
   171 | D        | Found a stormy altar of Qazlal.
   171 | D        | Found a hide-covered altar of Uskayaw.
   171 | D        | Found a blossoming altar of Fedhas.
   171 | D        | Found a bloodstained altar of Trog.
   171 | D        | Found an iron altar of Okawaru.
   171 | D        | Found a basalt altar of Yredelemnul.
   171 | D        | Found a glowing golden altar of the Shining One.
   171 | D        | Found a snail-covered altar of Cheibriados.
   171 | D        | Found a sacrificial altar of Ru.
   171 | D        | Found a glowing silver altar of Zin.
   171 | D        | Found a shadowy altar of Dithmenos.
   171 | D        | Found a white marble altar of Elyvilon.
   171 | D        | Noticed a yak
   175 | D        | Killed a yak
   176 | D        | Reached skill level 9 in Unarmed Combat
   176 | D        | Found an opulent altar of Gozag.
   177 | D        | Found a sparkling altar of Nemelex Xobeh.
   196 | D        | Found a burning altar of Makhleb.
   196 | D        | Found a viscous altar of Jiyva.
   196 | D        | Found a shimmering altar of Xom.
   196 | D        | Found a corrupted altar of Lugonu.
   196 | D        | Noticed a slime creature
   201 | D        | Killed a slime creature
   201 | D        | Reached *** piety under Trog
   202 | D        | Reached XP level 7. HP: 60/80 MP: 6/6
   215 | D        | Noticed a kobold demonologist
   216 | D        | Noticed a kobold demonologist
   217 | D        | Noticed a ynoxinul
   217 | D        | Noticed a hellwing
   224 | D        | Killed a kobold demonologist
   225 | D        | Reached skill level 10 in Unarmed Combat
   230 | D        | Noticed a soul eater
   232 | D        | Killed a kobold demonologist
   232 | D        | Reached **** piety under Trog
   233 | D        | Reached skill level 11 in Unarmed Combat
   233 | D        | Reached XP level 8. HP: 57/92 MP: 7/7
   264 | D        | Noticed Sonja
   274 | D        | Killed Sonja
   275 | D        | Reached skill level 10 in Fighting
   275 | D        | Reached skill level 10 in Dodging
   333 | D        | Noticed a deep troll
   337 | D        | Killed a deep troll
   338 | D        | Reached skill level 12 in Unarmed Combat
   338 | D        | Reached XP level 9. HP: 88/102 MP: 8/8
   362 | D        | Found Voremu's Armour Emporium.
   372 | D        | Bought a +0 cloak for 49 gold pieces
   393 | D        | Found Rumn's Antique Weapon Boutique.
   421 | D        | Noticed a centaur warrior
   421 | D        | Noticed a centaur warrior
   425 | D        | Killed a centaur warrior
   425 | D        | Reached ***** piety under Trog
   426 | D        | Reached skill level 13 in Unarmed Combat
   432 | D        | Killed a centaur warrior
   522 | D        | Noticed an oklob plant
   526 | D        | Killed an oklob plant
   527 | D        | Reached XP level 10. HP: 76/115 MP: 9/9
   548 | D        | Received a gift from Trog
   549 | D        | Reached skill level 14 in Unarmed Combat
   596 | D        | Received a gift from Trog
   596 | D        | Reached ****** piety under Trog
   707 | D        | Found Ucad's Magic Scroll Boutique.
   707 | D        | Found Ituhau's Distillery.
   715 | D        | Found Siq Ymp's General Store.
   719 | D        | Received a gift from Trog
   734 | D        | Identified the +5 mace "Beetle's Funeral" {protect, MP+9}
   784 | D        | Found Cocomo's Antique Weapon Boutique.
   784 | D        | Found Enanel's Weapon Shoppe.
   784 | D        | Found Woerhur's Antique Weapon Shop.
   784 | D        | Found Zooxkewn's Assorted Antiques.
   784 | D        | Found Gexawkeu's Assorted Antiques.
   784 | D        | Found Moixugg's Antique Armour Shoppe.
   784 | D        | Found Uxkenoah's Weapon Shop.
   787 | D        | Found Alask's Book Emporium.
   788 | D        | Found Syratax's Book Boutique.
   788 | D        | Found Simiet's Assorted Antiques.
   789 | D        | Found Axipuuse's Assorted Antiques.
   839 | D        | Noticed a shining eye
   839 | D        | Noticed a shining eye
   839 | D        | Noticed a shining eye
   839 | D        | Gained mutation: You occasionally shout uncontrollably at
                  | your foes. [a shining eye]
   839 | D        | Gained mutation: You are dopey. (Int -2) [a shining eye]
   843 | D        | Killed a shining eye
   844 | D        | Paralysed by a floating eye for 2 turns
   847 | D        | Reached skill level 15 in Unarmed Combat
   847 | D        | Gained mutation: You occasionally lose the ability to drink
                  | potions when taking damage. [a shining eye]
   851 | D        | Killed a shining eye
   851 | D        | Lost intelligence.
   851 | D        | Gained mutation: You are very dopey. (Int -4) [a shining
                  | eye]
   853 | D        | Killed a shining eye
   855 | D        | Noticed a shining eye
   855 | D        | Noticed a shining eye
   855 | D        | Noticed a shining eye
   855 | D        | Killed a shining eye
   856 | D        | Gained mutation: You are frail. (-10% HP) [a shining eye]
   857 | D        | Noticed a shining eye
   857 | D        | Noticed a shining eye
   857 | D        | Killed a shining eye
   858 | D        | Reached XP level 11. HP: 114/114 MP: 10/10
   858 | D        | Paralysed by a floating eye for 2 turns
   859 | D        | Killed a shining eye
   859 | D        | Received a gift from Trog
   861 | D        | Gained mutation: You have hidden genetic defects. [a
                  | shining eye]
   861 | D        | Killed a shining eye
   862 | D        | Reached skill level 16 in Unarmed Combat
   863 | D        | Killed a shining eye
   870 | D        | Found Elamuy's Assorted Antiques.
   870 | D        | Found Zalumigh's Weapon Shoppe.
   870 | D        | Found Qaewargh's Antique Weapon Boutique.
   870 | D        | Found Efynyr's Book Emporium.
   890 | D        | Bought a manual of Fighting for 880 gold pieces
   975 | D        | Noticed a demonic crawler
   975 | D        | Noticed a demonic crawler
   975 | D        | Noticed a demonic crawler
   975 | D        | Noticed a demonic crawler
   979 | D        | Killed a demonic crawler
   980 | D        | Killed a demonic crawler
   981 | D        | Killed a demonic crawler
   983 | D        | Killed a demonic crawler
   983 | D        | Received a gift from Trog
   984 | D        | Reached skill level 15 in Fighting
  1031 | D        | Mangled by a lorocyproca

Illustrated notes

Levels and vault maps discovered:
D:        dungeon_sprint_1 [red_sonja_temple_1, red_sonja_temple_small_1]

Skill      XL: |  1  2  3  4  5  6  7  8  9 10 11 |
---------------+----------------------------------+-----
Fighting       | 3 5 6 8 9 10 12 13 15 | 15.2
Dodging        | 3 5 6 8 9 10 11 13 14 | 14.4
Unarmed Combat | 4 6 7 9 11 12 13 15 16 | 16.9

Action                     |  1- 3 |  4- 6 |  7- 9 | 10-12 || total
---------------------------+-------+-------+-------+-------++-------
  Melee: Unarmed           |    19 |    14 |    42 |    62 ||   137
         Punch             |       |       |     6 |     5 ||    11
 Invoke: Berserk           |       |       |     1 |     1 ||     2
         Brothers in Arms  |       |       |       |     3 ||     3
  Evoke: Wand              |       |       |     1 |       ||     1
    Use: Scroll            |       |       |     1 |     1 ||     2
   Stab: Sleeping          |       |       |       |     1 ||     1
 Armour: Animal skin       |    13 |     6 |    63 |    61 ||   143
  Dodge: Dodged            |    13 |     6 |    44 |    29 ||    92

Table legend: (Time is in decaauts)
 A = Elapsed time spent in this place.
 B = Non-inter-level travel time spent in this place.
 C = Inter-level travel time spent in this place.
 D = Time resting spent in this place.
 E = Time spent auto-exploring this place.
 F = Levels seen in this place.
 G = Mean time per level.
                   A        B        C        D        E       F      G
               +--------+--------+--------+--------+--------+-----+--------+
         Total |   1104 |   1093 |     11 |    190 |    164 |   1 | 1104.0 |
       Dungeon |   1104 |   1093 |     11 |    190 |    164 |   1 | 1104.0 |
               +--------+--------+--------+--------+--------+-----+--------+

Top non-repeatable levels by time:
       D: 1104 daAuts
